 Dungeon Crawl Stone Soup version 0.20.0-15-g7f486f2 (webtiles) character file.

23 Gargoyl the Skirmisher (level 2, -1/39 HPs)
             Began as a Draconian Abyssal Knight on June 14, 2017.
             Was a Follower of Lugonu.
             Slain by an adder (2 damage)
             ... on level 1 of the Dungeon.
             The game lasted 00:02:22 (1311 turns).

Gargoyl the Skirmisher (Draconian Abyssal Knight)   Turns: 1311, Time: 00:02:23

Health: -1/39      AC: 21    Str: 14    XL:     2   Next: 75%
Magic:  3/3        EV:  2    Int: 12    God:    Lugonu [*.....]
Gold:   48         SH:  0    Dex: 10    Spells: 1/1 levels left

rFire    . . .     SeeInvis .   a - +1 hand axe
rCold    . . .     Gourm    .   (no shield)
rNeg     + + +     Faith    .   (armour unavailable)
rPois    +         Spirit   .   (helmet currently unavailable)
rElec    .         Reflect  .   (cloak currently unavailable)
rCorr    .         Harm     .   (gloves currently unavailable)
MR       .....     NoTele   +   (boots currently unavailable)
Stlth    +.........             (no amulet)
Regen    0.2/turn               (no ring)
MPRegen  0.1/turn               (no ring)

@: lethally poisoned (-1 -> -3), tree-form
A: unfitting armour, AC +4
a: Depart the Abyss, Renounce Religion


You were on level 1 of the Dungeon.
You worshipped Lugonu.
Lugonu was aware of your devotion.
You were not hungry.
You were a tree.
You visited 1 branch of the dungeon, and saw 1 of its levels.
You visited the Abyss 1 time.

You collected 48 gold pieces.

Inventory:

Hand Weapons
 a - a +1 hand axe (weapon)
Armour
 d - a +0 pair of boots (melded)
Jewellery
 f - an uncursed ring of protection from cold {unknown}
 g - a +3 ring of evasion {unknown}
Wands
 c - a wand of lightning (4/15)
Scrolls
 i - 2 scrolls of identify {unknown}
Potions
 e - a potion of lignification
 j - a potion of curing {unknown}
Comestibles
 b - a bread ration
 h - 2 fruits


   Skills:
 + Level 3.6 Fighting
 + Level 2.0 Axes
 * Level 2.5 Dodging
 * Level 1.0 Stealth
 * Level 2.3 Invocations


You had one spell level left.
You didn't know any spells.

Dungeon Overview and Level Annotations

Branches:
Dungeon (1/15)

Altars:


Innate Abilities, Weirdness & Mutations

((Your plain brown scales are hard. (AC +4)))
You cannot fit into any form of body armour.
((You are cold-blooded and may be slowed by cold attacks.))


Message History

The adder bites you.
* * * LOW HITPOINT WARNING * * *
You are poisoned.
The adder poisons you!
The hobgoblin hits you but does no damage.
You barely miss the adder.
The adder is moderately wounded.
You barely miss the hobgoblin.
You feel sick. The adder barely misses you.
The hobgoblin hits you but does no damage.
You hit the adder.
The adder is heavily wounded.
You hit the hobgoblin.
You kill the hobgoblin!
Lugonu accepts your kill. The adder bites you but does no damage.
The adder bites you.
* * * LOW HITPOINT WARNING * * *
It was a potion of lignification.
You turn into a tree.
Your +0 pair of boots melds into your body.
Your roots penetrate the ground.
The adder bites you.
You die...

#..#### #.# ####.##..
.. #.......# #.#
#....)).# ..
#.......# #.
#.......# ###.####
#........
#...S..#########.####
#...♣............#
#......###########
#......# ########


You could see an adder.

Vanquished Creatures
  A dart slug (D:1)
  A giant cockroach (D:1)
  4 goblins (D:1)
  4 hobgoblins (D:1)
  5 kobolds (D:1)
  A bat (D:1)
  5 rats (D:1)
21 creatures vanquished.

Notes
Turn   | Place    | Note
-------+----------+-------------------------------------------
     0 | Abyss:1  | Gargoyl the Draconian Abyssal Knight began the quest for the Orb.
     0 | Abyss:1  | Reached XP level 1. HP: 19/19 MP: 2/2
    28 | Abyss:2  | Found a corrupted altar of Lugonu.
    67 | Abyss:2  | Noticed a thrashing horror
    74 | D:1      | Escaped the Abyss
   725 | D:1      | Reached * piety under Lugonu
   725 | D:1      | Reached XP level 2. HP: 26/26 MP: 3/3
   900 | D:1      | Reached skill level 1 in Stealth
   902 | D:1      | HP: 1/26 [kobold/whip (8)]
  1310 | D:1      | HP: 1/26 [adder (4)]
  1311 | D:1      | Slain by an adder

Skill      XL: |  1  2 |
---------------+-------+-----
Stealth        | 1 |  1.0
Fighting       | |  3.6
Axes           | |  2.0
Dodging        | |  2.5
Invocations    | |  2.3

Action                   || total
-------------------------++-------
Melee: Hand axe          ||    57
       Tailslap          ||     6
Invok: Depart the Abyss  ||     1
  Use: Scroll            ||     3
       Potion            ||     1
  Eat: Chunk             ||     1
Armor: Skin              ||    25
Dodge: Dodged            ||    47
